 Dungeon Crawl Stone Soup version 0.31-a0-344-gd109795599 (webtiles) character file.

Game seed: 10505361080914464950

5532 kae the Mimic (level 10, -2/92 HPs)
             Began as a Naga Shapeshifter on July 21, 2023.
             Was a Priest of Cheibriados.
             Killed from afar by an electric eel (9 damage)
             ... with a bolt of electricity
             ... on level 9 of the Dungeon.
             The game lasted 00:13:24 (11833 turns).

kae the Mimic (Naga Shapeshifter)                  Turns: 11833, Time: 00:13:24

Health: -2/92      AC:  5    Str: 25    XL:     10   Next: 71%
Magic:  13/13      EV: 13    Int: 16    God:    Cheibriados [***...]
Gold:   378        SH:  0    Dex: 22    Spells: 9/9 levels left

rFire   + . .        k - +4 whip (elec)
rCold   . . .        (no shield)
rNeg    . . .        D - +0 steam dragon scales
rPois   +            (helmet currently unavailable)
rElec   .            (cloak currently unavailable)
rCorr   .            (gloves currently unavailable)
SInv    +            (no barding)
Will    +....        (no amulet)
Stlth   ++           F - ring of protection from fire
HPRegen 0.35/turn    (no ring)
MPRegen 0.13/turn

%: no passive effects
@: beast-form, very slow
A: beast (slay +6), AC +3, large, see invisible, deformed body, poison
resistance, slowness 2, spit poison 1, naga tail 1
a: Spit Poison, Begin Untransformation, Renounce Religion, Bend Time, Temporal
Distortion


You were on level 9 of the Dungeon.
You worshipped Cheibriados.
Cheibriados was most pleased with you.
You were a hulking beast.
You visited 2 branches of the dungeon, and saw 10 of its levels.
You also visited: Sewer and Ossuary.

You collected 552 gold pieces.
You spent 174 gold pieces at shops.


Innate Abilities, Weirdness & Mutations

You are a hulking beast.
Your limbs bulge with bestial killing power. (Slay +6)
Your serpentine skin is tough. (AC +3)
You have supernaturally acute eyesight. (SInv)
Armour fits poorly on your strangely shaped body.
Your system is resistant to poisons. (rPois)
You cover ground very slowly.
You can spit poison.
You have a snake-like lower body.


   Skills:
 + Level 6.7 Fighting
 + Level 5.8 Dodging
 + Level 7.3 Unarmed Combat
 + Level 4.2 Invocations
 * Level 8.7 Shapeshifting


You had 9 spell levels left.
You didn't know any spells.
Your spell library contained the following spells:

 Spells                   Type           Power      Damage    Failure   Level
 Magic Dart               Conj           0%         1d3       26%         1
 Call Imp                 Summ           0%         N/A       36%         2
 Mephitic Cloud           Conj/Pois/Air  0%         N/A       58%         3
 Summon Guardian Golem    Hex/Summ       0%         N/A       58%         3
 Vhi's Electric Charge    Tloc/Air       0%         N/A       58%         3
 Volatile Blastmotes      Fire/Tloc      0%         2d10      58%         3
 Fulminant Prism          Conj/Hex       0%         3d5       94%         4
 Iskenderun's Mystic Bla  Conj/Tloc      0%         2d3       94%         4
 Arcjolt                  Conj/Air       0%         1d10      100%        5
 Orb of Destruction       Conj           0%         9d5       100%        7
 Spellforged Servitor     Conj/Summ      0%         N/A       100%        7
 Maxwell's Capacitive Co  Air            0%         ∞         100%        8

Inventory:

Hand Weapons
 k - a +4 whip of electrocution (weapon)
   (You took it off a kobold on level 2 of the Dungeon)
Missiles
 b - 3 curare-tipped darts {=f}
 e - 92 stones
 i - 19 poisoned darts
 m - 5 boomerangs
 B - 3 atropa-tipped darts
 N - a throwing net {=f!f}
Armour
 a - a +1 animal skin
 D - +0 steam dragon scales (worn)
   (You found it on level 6 of the Dungeon)
 L - a +2 hat
   (You found it on level 8 of the Dungeon)
Magical Staves
 o - a staff of cold {!a}
   (You took it off an orc wizard on level 4 of the Dungeon)
 H - a staff of death {!a}
   (You took it off an orc on level 7 of the Dungeon)
Jewellery
 f - a ring of fire
   (You found it on level 6 of the Dungeon)
 g - an amulet of regeneration
   (You found it on level 7 of the Dungeon)
 v - a ring of see invisible
   (You found it on level 1 of the Dungeon)
 F - a ring of protection from fire (left hand)
   (You found it on level 5 of the Dungeon)
 K - an amulet of magic regeneration
   (You took it off an orc wizard on level 8 of the Dungeon)
 W - a ring of magical power
   (You found it on level 1 of the Dungeon)
 Z - a ring of wizardry
   (You found it on level 5 of the Dungeon)
Talismans
 c - a beast talisman
Wands
 n - a wand of flame (38)
   (You took it off Natasha on level 3 of the Dungeon)
 y - a wand of charming (5)
   (You took it off Ijyb on level 5 of the Dungeon)
Scrolls
 j - a scroll of blinking {!r}
 l - 2 scrolls of poison
 u - 2 scrolls of fog
 w - 4 scrolls of fear
 x - 2 scrolls of revelation
 z - a scroll of teleportation {@r4}
 I - a scroll of brand weapon
 M - a scroll of enchant weapon
Potions
 d - 2 potions of cancellation
 h - 5 potions of curing {@q1}
 p - 4 potions of mutation {!q}
 q - 3 potions of lignification {!q}
 r - a potion of berserk rage {!q}
 s - 2 potions of invisibility
 t - a potion of brilliance
 A - a potion of might
 C - 2 potions of heal wounds {@q2}
 E - 3 potions of ambrosia {unknown}
 G - 2 potions of degeneration {unknown}
 J - 3 potions of enlightenment

Dungeon Overview and Level Annotations

Branches:
Dungeon (9/15) Zot: 37544  Temple (1/1) D:6 Zot: 8935   Sewer (visited)
Ossuary (visited)
   Lair: D:8-11         Orc: D:9-12

Altars:
Ashenzari
Cheibriados
Dithmenos
Elyvilon
Fedhas
Gozag
Hepliaklqana
Kikubaaqudgha
Makhleb
Nemelex Xobeh
Okawaru
Qazlal
Ru
Sif Muna
Trog
Uskayaw
Vehumet
Wu Jian
Xom
Yredelemnul
Zin
The Shining One

Shops:
D:2 (   D:4 : D:5

? ..#.≈# ##≈..#..#....
....≈≈##≈≈....##.##. #
....≈≈≈≈≈≈.#.##..### ..
.................### ..~
~.....#...........##
.~~~~.....#......#.##...
.~S~~ ##.#..###.##.#....
§§~.~.#..##..##.##......
.......h.##.....#.......
..........#.......~≈~...
...............>..~~~~..
....≈≈≈≈≈≈..........~~~~.
...≈≈##≈≈...###..P~~~~..
...≈# ##≈...............
##.≈# ##≈.##............
..#..≈≈##≈≈.#####......##.
.....≈≈≈≈≈≈...............


You could see an electric eel.


Message History

The killer bee stings you but does no damage.
The killer bee misses you. 😕 HP[-13]
You take 13 damage, and now have 79/92 hp.
You feel very sick. The killer bee completely misses you.
The killer bee stings you. The killer bee closely misses you.
The killer bee stings you. The killer bee closely misses you.
The killer bee stings you but does no damage.
The killer bee misses you. The killer bee barely misses you.
The killer bee misses you. 😕 HP[-7]
You take 7 damage, and now have 72/92 hp.
Unknown command.
The killer bee buzzes angrily.
You whack the killer bee!
You have got your breath back.
You feel sick. The killer bee misses you. The killer bee closely misses you.
The killer bee stings you.
You are more poisoned.
The killer bee poisons you! The killer bee barely misses you.
The killer bee stings you but does no damage. 😮 HP[-4]
You take 4 damage, and now have 68/92 hp.
Unknown command.
You completely miss the killer bee.
You feel sick. The killer bee completely misses you.
The killer bee barely misses you. The killer bee stings you.
The killer bee stings you! The killer bee misses you.
The killer bee stings you.
You are more poisoned.
The killer bee poisons you! The killer bee stings you. x2
* * * LOW HITPOINT WARNING * * *
You miss the killer bee.
You feel sick. The killer bee misses you. The killer bee closely misses you.
The killer bee misses you. The killer bee stings you!
* * * LOW HITPOINT WARNING * * *
The killer bee stings you but does no damage.
The killer bee misses you.
The killer bee barely misses you. x2 😨 HP[-33]
You take 33 damage, and now have 35/92 hp.
MASSIVE DAMAGE!! (PAUSE)
As you read the scroll of teleportation {@r4}, it crumbles to dust.
You feel strangely unstable.
You feel sick. The killer bee stings you.
* * * LOW HITPOINT WARNING * * *
The killer bee misses you. The killer bee stings you.
* * * LOW HITPOINT WARNING * * *
The killer bee stings you.
* * * LOW HITPOINT WARNING * * *
The killer bee misses you.
The killer bee stings you but does no damage.
The killer bee barely misses you.
The killer bee closely misses you. 😨 HP[-10]
You take 10 damage, and now have 25/92 hp.
Unknown command.
You miss the killer bee. You punch the killer bee.
You feel sick. The killer bee stings you.
* * * LOW HITPOINT WARNING * * *
The killer bee stings you.
* * * LOW HITPOINT WARNING * * *
The killer bee completely misses you.
The killer bee stings you but does no damage.
The killer bee completely misses you. The killer bee stings you!
* * * LOW HITPOINT WARNING * * *
You are more poisoned.
The killer bee poisons you! The killer bee completely misses you.
The killer bee closely misses you. 😱 HP[-19]
You take 19 damage, and now have 6/92 hp.
MASSIVE DAMAGE!! (PAUSE)
You feel better. The killer bee barely misses you.
The killer bee stings you but does no damage.
The killer bee closely misses you. x2
The killer bee stings you but does no damage.
The killer bee misses you.
The killer bee stings you but does no damage.
The killer bee stings you.
* * * LOW HITPOINT WARNING * * *
😱 HP[+9]
You regained 9 hp, and now have 15/92 hp.
Unknown command.
You closely miss the killer bee. The killer bee barely misses you.
The killer bee stings you but does no damage.
The killer bee barely misses you. The killer bee closely misses you.
The killer bee stings you.
* * * LOW HITPOINT WARNING * * *
The killer bee stings you but does no damage.
The killer bee completely misses you. The killer bee stings you.
* * * LOW HITPOINT WARNING * * *
The killer bee barely misses you.
The killer bee stings you but does no damage. x2
The killer bee misses you. 😱 HP[-9]
You take 9 damage, and now have 6/92 hp.
Unknown command.
You whack the killer bee!
Your surroundings suddenly seem different.
The electric eel shoots out a bolt of lightning at you!
The bolt of electricity hits you!
You die...

Skill      XL: |  1  2  3  4  5  6  7  8  9 10 |
---------------+-------------------------------+-----
Dodging        | 2 3 4 5 |  5.8
Fighting       | 2 3 4 6 |  6.7
Shapeshifting  | 4 5 6 7 8 |  8.7
Unarmed Combat | 4 5 6 7 |  7.3
Invocations    | 2 4 |  4.2

Action                     |  1- 3 |  4- 6 |  7- 9 | 10-12 || total
---------------------------+-------+-------+-------+-------++-------
  Melee: Unarmed           |    59 |       |       |       ||    59
         Punch             |     2 |     1 |    18 |     8 ||    29
         Whip              |    19 |    93 |   352 |   138 ||   602
Ability: Spit Poison       |    27 |    32 |    37 |    17 ||   113
  Evoke: Wand              |       |       |       |     1 ||     1
    Use: Scroll            |       |     7 |     9 |     3 ||    19
         Potion            |       |     1 |       |     1 ||     2
   Stab: Distracted        |       |       |       |     1 ||     1
 Armour: Animal skin       |    19 |     9 |    39 |       ||    67
         Skin              |       |    15 |       |       ||    15
         Steam dragon scal |       |       |    49 |    50 ||    99
  Dodge: Dodged            |    57 |    63 |   171 |   133 ||   424

Levels and vault maps discovered:
D:1:      lightli_arrival_windingriver, layout_basic
D:2:      layout_loops_cross, serial_co_window_serial,
          co_window_of_opportunity_a, co_window_of_opportunity_a,
          co_window_of_opportunity_a, co_window_of_opportunity_a,
          co_window_paths_a, co_window_paths_b, co_window_broadway_c,
          co_window_broadway_c, co_window_of_opportunity_b, glass_columns_a,
          glass_columns_a, glass_columns_c, glass_columns_a, glass_columns_a,
          serial_shops, nicolae_shop_bloodbath_and_beyond,
          kennysheep_generic_room_3, uniq_crazy_yiuf_cottage
D:3:      layout_basic, lightli_sewer_entry_pipes, grunt_decor_resistance,
          uniq_natasha
D:4:      layout_loops_corners, serial_shops, shop_coins, kennysheep_dice
D:5:      layout_basic, mainiacjoe_overflow_six_doors_small,
          nicolae_ossuary_entry_catacombs, serial_shops, shop, uniq_ijyb,
          uniq_prince_ribbit1
D:6:      layout_layer_cave, minmay_temple_entry_hall
D:7:      layout_loops_ring
D:8:      layout_loops_cross, zin_academy
D:9:      nicolae_moon_pools, layout_cave_pools,
          nemelex_xobeh_ov_fountains_minmay, serial_undead, serial_undead_d,
          serial_undead_e, serial_undead_f, serial_undead_f
Temple:   hellmonk_temple_divided_pantheon

Notes
Turn   | Place    | Note
-------+----------+-------------------------------------------
     0 | D:1      | kae the Naga Shapeshifter began the quest for the Orb.
     0 | D:1      | Reached XP level 1. HP: 18/18 MP: 1/1
     0 | D:1      | magus.rc [v1.11.3]
   110 | D:1      | Reached XP level 2. HP: 20/25 MP: 2/2
   406 | D:1      | You pick up a book of Blasting and begin reading...
   406 | D:1      | You add the spells Volatile Blastmotes, Fulminant Prism and
                  | Iskenderun's Mystic Blast to your library.
   538 | D:1      | Reached XP level 3. HP: 29/31 MP: 3/3
   572 | D:1      | You add the spells Vhi's Electric Charge, Arcjolt and
                  | Maxwell's Capacitive Coupling to your library.
   962 | D:2      | Reached skill level 2 in Dodging
  1158 | D:2      | Found a runed translucent door.
  1159 | D:2      | Noticed Crazy Yiuf
  1350 | D:2      | Reached XP level 4. HP: 36/39 MP: 4/4
  1560 | D:2      | Found Koeten's Weapon Boutique.
  1759 | D:3      | Reached skill level 2 in Fighting
  1807 | D:3      | Reached XP level 5. HP: 27/45 MP: 5/5
  1814 | D:3      | Found a glowing drain.
  1843 | Sewer    | Entered a sewer
  1904 | Sewer    | Noticed a kobold brigand
  1914 | Sewer    | Noticed a kobold brigand
  1923 | Sewer    | HP: 9/45 [poisoned by a kobold]
  1926 | Sewer    | HP: 4/45 [poisoned by a kobold]
  2191 | Sewer    | Killed a kobold brigand
  2192 | Sewer    | Reached skill level 4 in Shapeshifting
  2293 | Sewer    | HP: 9/46 [asphyx]
  2295 | Sewer    | HP: 4/46 [poisoned by a kobold brigand (curare-tipped
                  | dart)]
  2298 | Sewer    | HP: 1/46 [poisoned by a kobold brigand (curare-tipped
                  | dart)]
  2486 | Sewer    | Killed a kobold brigand
  2487 | Sewer    | Reached skill level 4 in Unarmed Combat
  2487 | Sewer    | Reached XP level 6. HP: 55/55 MP: 6/6
  2652 | Sewer    | Found a white marble altar of Elyvilon.
  2868 | D:3      | Noticed Natasha
  2872 | D:3      | Killed Natasha
  2944 | D:3      | Reached skill level 3 in Fighting
  3017 | D:3      | Noticed Natasha
  3023 | D:3      | HP: 12/56 [Natasha (8)]
  3024 | D:3      | Killed Natasha
  3225 | D:3      | Noticed Natasha
  3229 | D:3      | Killed Natasha
  3230 | D:3      | Reached skill level 3 in Dodging
  3342 | D:3      | Reached XP level 7. HP: 48/62 MP: 7/7
  4045 | D:4      | You pick up a book of Dangerous Friends and begin
                  | reading...
  4045 | D:4      | You add the spells Summon Guardian Golem, Orb of
                  | Destruction and Spellforged Servitor to your library.
  4233 | D:4      | You pick up a book of Minor Magic and begin reading...
  4233 | D:4      | You add the spells Magic Dart, Call Imp and Mephitic Cloud
                  | to your library.
  4304 | D:4      | Found Wozeymun's Book Shoppe.
  4732 | D:5      | Entered Level 5 of the Dungeon
  4806 | D:5      | Reached skill level 5 in Shapeshifting
  4866 | D:5      | Found a broken altar of Ashenzari.
  4942 | D:5      | Found a sand-covered staircase.
  4957 | Ossuary  | Entered an ossuary
  5050 | Ossuary  | Reached XP level 8. HP: 25/72 MP: 8/8
  5233 | Ossuary  | Reached skill level 4 in Fighting
  5259 | Ossuary  | Reached skill level 5 in Unarmed Combat
  5331 | Ossuary  | Reached skill level 6 in Shapeshifting
  5540 | D:5      | Noticed Ijyb
  5564 | D:5      | Noticed Prince Ribbit
  5683 | D:5      | Reached skill level 4 in Dodging
  5862 | D:5      | Found Miquoxy's Magic Scroll Shoppe.
  5870 | D:5      | Bought a scroll of revelation for 90 gold pieces
  5870 | D:5      | Bought a scroll of identify for 24 gold pieces
  5870 | D:5      | Bought a scroll of identify for 24 gold pieces
  5870 | D:5      | Bought a scroll of teleportation for 36 gold pieces
  6319 | D:6      | HP: 16/73 [ogre/+0 giant club (6)]
  6535 | D:6      | Reached XP level 9. HP: 50/80 MP: 9/9
  6722 | D:6      | Reached skill level 5 in Fighting
  6906 | D:6      | HP: 17/81 [kobold brigand/+2 whip of electrocution (10)]
  6908 | D:6      | Reached skill level 6 in Unarmed Combat
  6914 | D:6      | Reached skill level 7 in Shapeshifting
  7349 | D:6      | Found a staircase to the Ecumenical Temple.
  7357 | Temple   | Found a transporter.
  7357 | Temple   | Found a transporter.
  7357 | Temple   | Found a transporter.
  7357 | Temple   | Found a transporter.
  7357 | Temple   | Entered the Ecumenical Temple
  7376 | Temple   | Became a worshipper of Cheibriados the Contemplative
  7701 | D:6      | HP: 19/81 [orc/+0 hand axe (5)]
  7702 | D:6      | HP: 7/81 [orc/+0 trident (4)]
  7703 | D:6      | HP: 2/81 [orc/+0 trident (5)]
  7960 | D:7      | Reached skill level 1 in Invocations
  8290 | D:7      | Reached * piety under Cheibriados
  8841 | D:8      | Reached skill level 5 in Dodging
  8872 | D:8      | Reached skill level 2 in Invocations
  9128 | D:8      | Found a glowing silver altar of Zin.
  9250 | D:8      | Reached skill level 6 in Fighting
  9449 | D:8      | Reached XP level 10. HP: 69/91 MP: 10/12
  9684 | D:8      | Reached ** piety under Cheibriados
  9765 | D:8      | Reached skill level 3 in Invocations
  9765 | D:8      | Reached skill level 8 in Shapeshifting
  9892 | D:9      | Noticed a purple ugly thing
  9892 | D:9      | Found a sparkling altar of Nemelex Xobeh.
 10022 | D:9      | HP: 22/90 [unseen horror zombie (7)]
 10386 | D:9      | Reached skill level 7 in Unarmed Combat
 10779 | D:5      | Killed Prince Ribbit
 10875 | D:5      | Reached *** piety under Cheibriados
 11078 | D:5      | Killed Ijyb
 11176 | D:2      | Killed Crazy Yiuf
 11400 | D:9      | Killed a purple ugly thing
 11401 | D:9      | Reached skill level 4 in Invocations
 11830 | D:9      | HP: 19/92 [killer bee (5)]
 11830 | D:9      | HP: 6/92 [killer bee (7)]
 11833 | D:9      | Killed from afar by an electric eel

Vanquished Creatures
  An ugly thing (D:9)
  An unseen horror zombie (D:9)
  A troll (D:9)
  Prince Ribbit (D:5)
  4 steam dragons
  2 acid dragons
  A water moccasin (D:8)
  4 ice beasts
  An orc warrior (D:8)
  An ogre (D:6)
  3 kobold brigands
  6 elf zombies
  2 bullfrogs
  4 scorpions
  6 wights
  5 howler monkeys
  4 centaur zombies
  3 jellies
  9 orc priests
  A gnoll bouda (D:9)
  A hound (D:5)
  Crazy Yiuf (D:2)
  7 human zombies (Ossuary)
  Ijyb (D:5)
  Natasha (thrice) (D:3)
  An iguana (D:6)
  13 orc wizards
  A sleepcap (D:8)
  A human skeleton (D:5)
  3 mummies (Ossuary)
  A howler monkey zombie (D:9)
  3 gnolls (D:9)
  9 adders
  3 river rats
  A white imp (D:6)
  6 worms
  A dart slug (D:1)
  45 orcs
  6 ball pythons
  10 bats
  3 endoplasms
  A giant cockroach (D:2)
  5 goblins
  7 hobgoblins
  7 jackals
  3 quokkas
  6 frilled lizards
  15 kobolds
  2 orc skeletons (D:5)
  An orc zombie (D:5)
  9 rats
236 creatures vanquished.

Vanquished Creatures (others)
  An orc (D:8)
1 creature vanquished.

Grand Total: 237 creatures vanquished

Table legend:
 A = Non-vault XP
 B = Vault XP
 C = Vault XP percentage of total XP
 D = Non-vault monster count
 E = Vault monster count
 F = Vault count percentage of total count
                 A         B        C        D         E       F
            +---------+---------+-------+---------+---------+-------
      Total |    5533 |    2370 |  30.0 |     179 |      57 |  24.2
            +---------+---------+-------+---------+---------+-------
        D:1 |      35 |       0 |   0.0 |      22 |       0 |   0.0
        D:2 |      51 |      37 |  42.0 |      20 |       1 |   4.8
        D:3 |     188 |     115 |  38.0 |      22 |       9 |  29.0
        D:4 |     141 |       2 |   1.4 |       8 |       1 |  11.1
        D:5 |     384 |     526 |  57.8 |      16 |       8 |  33.3
        D:6 |    1152 |       0 |   0.0 |      28 |       0 |   0.0
        D:7 |     780 |       0 |   0.0 |      25 |       0 |   0.0
        D:8 |    1371 |       0 |   0.0 |      25 |       0 |   0.0
        D:9 |    1431 |     682 |  32.3 |      13 |       7 |  35.0
      Sewer |       0 |     235 | 100.0 |       0 |      16 | 100.0
    Ossuary |       0 |     773 | 100.0 |       0 |      15 | 100.0
            +---------+---------+-------+---------+---------+-------

Skill      XL: |  1  2  3  4  5  6  7  8  9 10 |
---------------+-------------------------------+-----
Dodging        | 2 3 4 5 |  5.8
Fighting       | 2 3 4 6 |  6.7
Shapeshifting  | 4 5 6 7 8 |  8.7
Unarmed Combat | 4 5 6 7 |  7.3
Invocations    | 2 4 |  4.2

Action                     |  1- 3 |  4- 6 |  7- 9 | 10-12 || total
---------------------------+-------+-------+-------+-------++-------
  Melee: Unarmed           |    59 |       |       |       ||    59
         Punch             |     2 |     1 |    18 |     8 ||    29
         Whip              |    19 |    93 |   352 |   138 ||   602
Ability: Spit Poison       |    27 |    32 |    37 |    17 ||   113
  Evoke: Wand              |       |       |       |     1 ||     1
    Use: Scroll            |       |     7 |     9 |     3 ||    19
         Potion            |       |     1 |       |     1 ||     2
   Stab: Distracted        |       |       |       |     1 ||     1
 Armour: Animal skin       |    19 |     9 |    39 |       ||    67
         Skin              |       |    15 |       |       ||    15
         Steam dragon scal |       |       |    49 |    50 ||    99
  Dodge: Dodged            |    57 |    63 |   171 |   133 ||   424

Illustrated notes

Table legend:
 A = Kills in this place as a percentage of kills in the entire game.
 B = Kills by you in this place as a percentage of kills by you in the entire game.
 C = Kills by friends in this place as a percentage of kills by friends in the entire game.
 D = Other kills in this place as a percentage of other kills in the entire game.
 E = Experience gained in this place as a percentage of experience gained in the entire game.
 F = Experience gained in this place divided by the number of levels of this place that you have seen.
                   A       B       C       D       E      F
               +-------+-------+-------+-------+-------+----------------------
         Total | 100.0 | 100.0 |   N/A |   N/A | 100.0 | 658.6
       Dungeon |  86.9 |  86.9 |   N/A |   N/A |  87.2 | 766.1
         Sewer |   6.8 |   6.8 |   N/A |   N/A |   3.0 | 235.0
       Ossuary |   6.4 |   6.4 |   N/A |   N/A |   9.8 | 773.0
               +-------+-------+-------+-------+-------+----------------------

Table legend: (Time is in decaauts)
 A = Elapsed time spent in this place.
 B = Non-inter-level travel time spent in this place.
 C = Inter-level travel time spent in this place.
 D = Time resting spent in this place.
 E = Time spent auto-exploring this place.
 F = Levels seen in this place.
 G = Mean time per level.
                   A        B        C        D        E       F      G
               +--------+--------+--------+--------+--------+-----+--------+
         Total |  15897 |  14869 |   1028 |   2007 |  10376 |  12 | 1324.8 |
       Dungeon |  14215 |  13188 |   1027 |   1343 |   9947 |   9 | 1579.4 |
        Temple |     51 |     51 |      0 |      0 |      0 |   1 |   51.0 |
         Sewer |   1057 |   1057 |      0 |    474 |    196 |   1 | 1057.0 |
       Ossuary |    572 |    572 |      0 |    190 |    232 |   1 |  572.0 |
               +--------+--------+--------+--------+--------+-----+--------+

Top non-repeatable levels by time:
     D:6: 2227 daAuts
     D:8: 2028 daAuts
     D:7: 1765 daAuts
     D:5: 1647 daAuts
     D:3: 1520 daAuts
     D:2: 1454 daAuts
     D:4: 1439 daAuts
     D:9: 1105 daAuts
   Sewer: 1057 daAuts
     D:1: 1026 daAuts
 Ossuary: 572 daAuts
  Temple: 51 daAuts
